 Dungeon Crawl Stone Soup version 0.27-a0-1140-g099f9bb0e8 (webtiles) character file.

Game seed: 12505334692901757290

14 harryhousin the Magician (level 2, -6/26 HPs)
             Began as a Gnoll Wanderer on May 4, 2021.
             Engulfed by a cloud of flame (9 damage)
             ... on level 1 of the Dungeon on May 8, 2021.
             The game lasted 00:02:39 (294 turns).

harryhousin the Magician (Gnoll Wanderer)            Turns: 294, Time: 00:02:39

Health: -6/26      AC:  6    Str: 11    XL:     2   Next: 41%
Magic:  7/7        EV: 10    Int: 11    God:
Gold:   0          SH:  0    Dex: 11    Spells: 9/10 levels left

rFire    . . .     SeeInvis .   a - +2 shortbow
rCold    . . .     Faith    .   (shield currently unavailable)
rNeg     . . .     Spirit   .   c - +0 ring mail
rPois    .         Reflect  .   (no helmet)
rElec    .         Harm     .   (no cloak)
rCorr    .         Rampage  .   (no gloves)
Will     .....                  (no boots)
Stlth    +.........             (no amulet)
HPRegen  0.08/turn              (no ring)
MPRegen  0.10/turn              (no ring)

@: no status effects
A: fangs 1, strong nose, distributed training
a: no special abilities


You were on level 1 of the Dungeon.
You visited 1 branch of the dungeon, and saw 1 of its levels.

Inventory:

Hand Weapons
 a - a +2 shortbow (weapon)
 d - a +1 dagger of freezing
Missiles
 b - 32 arrows (quivered ammo)
Armour
 c - a +0 ring mail (worn)
Scrolls
 e - 2 scrolls of identify {unknown}
 f - a scroll of holy word {unknown}
Potions
 g - a potion of degeneration {unknown}


   Skills:
 + Level 4.5 Fighting
 + Level 0.4 Short Blades
 + Level 0.4 Long Blades
 + Level 0.4 Axes
 + Level 0.4 Maces & Flails
 + Level 0.4 Polearms
 + Level 0.4 Staves
 + Level 0.4 Slings
 + Level 2.5 Bows
 + Level 0.4 Crossbows
 + Level 4.5 Throwing
 + Level 4.5 Armour
 + Level 0.4 Dodging
 + Level 0.4 Stealth
 + Level 0.4 Shields
 + Level 0.4 Unarmed Combat
 + Level 4.9 Spellcasting
 + Level 0.2 Conjurations
 + Level 0.2 Hexes
 + Level 0.2 Summonings
 + Level 0.2 Necromancy
 + Level 0.2 Translocations
 + Level 2.0 Transmutations
 + Level 0.2 Fire Magic
 + Level 0.2 Ice Magic
 + Level 0.2 Air Magic
 + Level 0.2 Earth Magic
 + Level 0.2 Poison Magic
 + Level 0.5 Invocations
 + Level 0.4 Evocations


You had 9 spell levels left.
You knew the following spells:

 Your Spells              Type           Power      Damage    Failure   Level
a - Pain                  Necr           12%        1d4       38%         1

Your spell library contained the following spells:

 Spells                   Type           Power      Damage    Failure   Level
 Vampiric Draining        Necr           1%         2d6       77%         3


Dungeon Overview and Level Annotations

Branches:
Dungeon (1/15)

Altars:


Innate Abilities, Weirdness & Mutations

You have very sharp teeth.
Your uncanny sense of smell can sniff out nearby items.
Your experience applies equally to all skills.


Message History

b - 35 arrows (gained 1)
You see here a +0 leather armour of poison resistance.
A ball python comes into view.
The ball python hisses angrily.
You shoot an arrow.
The arrow barely misses the ball python.
You shoot an arrow. The arrow hits the ball python.
The ball python is heavily wounded.
You shoot an arrow. The arrow hits the ball python!
You kill the ball python!
b - 33 arrows (gained 1)
You see here a ball python corpse.
b - 34 arrows (gained 1)
You see here a ball python corpse.
Found a leather armour.
You see here a +0 leather armour.
e - 2 scrolls labelled QESHRA BINWOFO (gained 1)
A goblin comes into view. It is wielding a +0 club.
The goblin shouts!
A hobgoblin comes into view.
The goblin moves out of view.
A hobgoblin is nearby!
You shoot an arrow. The hobgoblin shouts!
The arrow hits the hobgoblin.
You kill the hobgoblin!
f - a scroll labelled DIANUC RIVYWUQ
Found 9 gold pieces.
A goblin is nearby!
You shoot an arrow. The arrow hits the goblin.
You kill the goblin!
g - a sedimented dark potion
Found 26 gold pieces.
Really walk into a travel-excluded area?
Found 24 gold pieces.
You are engulfed in blazing flames.
Ouch! That really hurt!
* * * LOW HITPOINT WARNING * * *
You are engulfed in blazing flames.
You die...

#..........#.....##...
#...#####...####..##†..
#§§° #..## ##...... #§☼○
#.### #.##... #§☼○ #...#
#.##... ##...#######.###
#.##...
§.(.$(§○☼.##...###.##...
○.$$$.§☼○..###.##.....#.
§.$.$.§@§..#............
##...#####.....###.##.#.
#○ #...#.###....#.
#..............
#.##...[......#
###.##†.........#
#...##..........#
#...##..).......#
########.......##


There were no monsters in sight!

Vanquished Creatures
  A ball python (D:1)
  A giant cockroach (D:1)
  2 goblins (D:1)
  A hobgoblin (D:1)
  2 quokkas (D:1)
  2 bats (D:1)
  A frilled lizard (D:1)
  A kobold (D:1)
  A rat (D:1)
12 creatures vanquished.

Vanquished Creatures (others)
  2 endoplasms (D:1)
2 creatures vanquished.

Grand Total: 14 creatures vanquished

Notes
Turn   | Place    | Note
-------+----------+-------------------------------------------
     0 | D:1      | harryhousin the Gnoll Wanderer began the quest for the Orb.
     0 | D:1      | harryhousin set off with the following items: a +2
                  | shortbow, 24 arrows, a +0 ring mail; and the following
                  | spell memorised: Pain; and the following spells available
                  | to memorise: Vampiric Draining
     0 | D:1      | Reached XP level 1. HP: 20/20 MP: 6/6
     0 | D:1      | Upgraded the game from 0.27-a0-1136-g0b992a5a9d to
                  | 0.27-a0-1140-g099f9bb0e8
   174 | D:1      | Reached XP level 2. HP: 26/26 MP: 7/7
   294 | D:1      | Engulfed by a cloud of flame

Illustrated notes

Levels and vault maps discovered:
D:1:      dpeg_arrival_windows_large_door, layout_rooms, lemuel_flame_loot_1

Skill      XL: |  1 |
---------------+----+-----
Transmutations | 2 |  2.0
Fighting       | |  4.5
Short Blades   | |  0.4
Long Blades    | |  0.4
Axes           | |  0.4
Maces & Flails | |  0.4
Polearms       | |  0.4
Staves         | |  0.4
Slings         | |  0.4
Bows           | |  2.5
Crossbows      | |  0.4
Throwing       | |  4.5
Armour         | |  4.5
Dodging        | |  0.4
Stealth        | |  0.4
Shields        | |  0.4
Unarmed Combat | |  0.4
Spellcasting   | |  4.9
Conjurations   | |  0.2
Hexes          | |  0.2
Summonings     | |  0.2
Necromancy     | |  0.2
Translocations | |  0.2
Fire Magic     | |  0.2
Ice Magic      | |  0.2
Air Magic      | |  0.2
Earth Magic    | |  0.2
Poison Magic   | |  0.2
Invocations    | |  0.5
Evocations     | |  0.4

Action                   || total
-------------------------++-------
 Fire: Shortbow          ||    25
Armor: Ring mail         ||     8
Dodge: Dodged            ||     6

Table legend: (Time is in decaauts)
 A = Elapsed time spent in this place.
 B = Non-inter-level travel time spent in this place.
 C = Inter-level travel time spent in this place.
 D = Time resting spent in this place.
 E = Time spent auto-exploring this place.
 F = Levels seen in this place.
 G = Mean time per level.
                   A        B        C        D        E       F      G
               +--------+--------+--------+--------+--------+-----+--------+
         Total |    298 |    298 |      0 |      0 |    113 |   1 |  298.0 |
       Dungeon |    298 |    298 |      0 |      0 |    113 |   1 |  298.0 |
               +--------+--------+--------+--------+--------+-----+--------+

Top non-repeatable levels by time:
     D:1: 298 daAuts
